 Zot Defence DCSS version 0.15.2 (webtiles) character file.

849 nuthulu the Magician (level 7, 0/37 HPs)
             Began as a Deep Elf Summoner on May 29, 2015.
             Slain by Warrok the orc
             ... wielding a +0 flail
              (1 damage)
             ... in the Realm of Zot (Scenario I: Hall of Zot) on Aug 18, 2015.
             The game lasted 00:15:48 (1255 turns).

nuthulu the Magician (Deep Elf Summoner)            Turns: 1255, Time: 00:15:48

HP   0/37        AC  2     Str  5      XL: 7   Next: 69%
MP   1/25        EV 13     Int 22      God:
Gold 0           SH  0     Dex 15      Spells:  6 memorised,  3 levels left

rFire  . . .     SeeInvis .     (no weapon)
rCold  . . .     Clarity  .     a - +0 robe
rNeg   . . .     rCorr    .     (no shield)
rPois  .         rRot     .     (no helmet)
rElec  .         Spirit   .     (no cloak)
SustAb .         Warding  .     (no gloves)
rMut   .         Stasis   .     (no boots)
Gourm  .                        (no amulet)
MR     .....                    (no ring)
                                (no ring)

@: not resistant to hostile enchantments, unstealthy
A: no striking features
a: Make oklob sapling, Make arrow trap, Make plant, Remove Curse, Make burning
bush, Make altar, Make grenades, Make oklob plant


You were in the Realm of Zot.
You were not hungry.

You visited 1 branch

Inventory:

Armour
 a - a +0 robe (worn)
Comestibles
 d - a bread ration
Scrolls
 i - a scroll of blinking
Potions
 c - 2 potions of curing
 f - a potion of haste
 g - a potion of magic
 h - a potion of berserk rage
Books
 b - a book of Callings

   Spells                             Type                      Level
   *Summon Small Mammal               Summoning                    1
   *Call Imp                          Summoning                    2
   *Call Canine Familiar              Summoning                    3
   *Summon Guardian Golem             Hexes/Summoning              4
   *Summon Lightning Spire            Summoning/Air                4
   *Summon Ice Beast                  Ice/Summoning                4


   Skills:
 - Level 0.4 Fighting
 + Level 3.4 Dodging
 - Level 2.4 Stealth
 * Level 7.9 Spellcasting
 * Level 7.8 Summonings
 * Level 1.8 Air Magic


You had 3 spell levels left.
You knew the following spells:

 Your Spells              Type           Power        Failure   Level  Hunger
a - Summon Small Mammal   Summ           ####         1%          1    None
b - Call Imp              Summ           #####...     1%          2    None
c - Call Canine Familiar  Summ           #####...     1%          3    None
d - Summon Lightning Spi  Summ/Air       ####....     12%         4    ###....
e - Summon Guardian Gole  Hex/Summ       ####....     17%         4    ###....
f - Summon Ice Beast      Ice/Summ       ####....     17%         4    ###....


Dungeon Overview and Level Annotations

Branches:
    Zot (1/1)

Altars:


Message History

The puff of flame hits your plant.
Your plant appears unharmed.
Something hits your oklob sapling. Warrok misses you.
Your rat bites Warrok.
Your rat closely misses Warrok.
Something hits your plant.
Something hits your oklob sapling but does no damage.
Something hits your plant.
Warrok hits your rat but does no damage.
Your crimson imp hits something.
Your oklob sapling spits acid at Warrok.
The splash of acid hits something.
The acid corrodes something's equipment!
Your rat closely misses Warrok.
Your rat bites Warrok.
Your rat disappears in a puff of smoke!
Something hits your plant.
Something hits your oklob sapling but does no damage.
Your rat misses Warrok.
Your rat bites Warrok.
Unknown command.
Warrok hits you with a flail.
You die...

▓▓▓▓▓▓▓▓ ▓▓▓▓▓▓▓▓ ....▓▓▓▓
▓▓▓▓.... .......▓▓▓ ▓▓▓.......
.........▓▓ ▓▓.........
..........▓ ▓▓▓▓▓▓▓▓▓ ▓..........
..........▓▓▓.......▓▓▓..........
..........▓▓.........▓▓..........
..........▓P..(PPP).PP▓..........
........)[^)(.%)@(r5P^^..........
.........)▓P...)%o..)P▓).........
..........▓▓....r....▓▓..........
..........▓▓▓......r▓▓▓..........
..........# ▓▓▓▓▓▓▓▓▓ #..........
.........## ##.........
.......### ###....... ....####
####.... ######### #########


You could see Warrok the orc, 3 friendly oklob saplings, a friendly crimson imp,
a friendly quokka and 2 friendly rats.

Vanquished Creatures (collateral kills)
  A water moccasin (Zot)
  A warg (Zot)
  A porcupine (Zot)
  A centaur (Zot)
  2 gnoll sergeants (Zot)
  A hippogriff zombie (Zot)
  An oklob sapling (Zot)
  A goliath beetle (Zot)
  A worker ant (Zot)
  Jessica (Zot)
  2 adders (Zot)
  2 giant geckos (Zot)
  4 oozes (Zot)
  5 orcs (Zot)
  4 giant cockroaches (Zot)
  9 hobgoblins (Zot)
  14 jackals (Zot)
  8 kobolds (Zot)
  6 ball pythons (Zot)
  14 bats (Zot)
  3 giant newts (Zot)
  11 goblins (Zot)
  A kobold zombie (Zot)
  9 rats (Zot)
  5 butterflies (Zot)
108 creatures vanquished.

Vanquished Creatures (others)
  A guardian golem (Zot)
  5 oklob saplings (Zot)
  A crimson imp (Zot)
  2 hounds (Zot)
  2 white imps (Zot)
  2 orcs (Zot)
  A hobgoblin (Zot)
  2 quokkas (Zot)
  2 ball pythons (Zot)
  A bat (Zot)
  3 goblins (Zot)
  4 jackals (Zot)
  A rat (Zot)
27 creatures vanquished.

Grand Total: 135 creatures vanquished

Notes
Turn   | Place    | Note
--------------------------------------------------------------
     0 | Zot      | nuthulu, the Deep Elf Summoner, began the quest for the Orb.
     0 | Zot      | Reached XP level 1. HP: 10/10 MP: 5/5
   204 | Zot      | Reached XP level 2. HP: 12/15 MP: 1/8
   212 | Zot      | Learned a level 2 spell: Call Imp
   240 | Zot      | Reached skill level 5 in Summonings
   296 | Zot      | Reached XP level 3. HP: 15/19 MP: 4/11
   346 | Zot      | Learned a level 3 spell: Call Canine Familiar
   395 | Zot      | Reached XP level 4. HP: 24/24 MP: 6/15
   412 | Zot      | Learned a level 4 spell: Summon Lightning Spire
   533 | Zot      | Noticed Yroon
   547 | Zot      | Killed Yroon the water moccasin
   547 | Zot      | Reached skill level 5 in Spellcasting
   547 | Zot      | Reached skill level 6 in Summonings
   547 | Zot      | Reached XP level 5. HP: 28/28 MP: 1/20
   553 | Zot      | Learned a level 4 spell: Summon Guardian Golem
   582 | Zot      | Reached XP level 6. HP: 33/33 MP: 1/22
   842 | Zot      | Noticed Jessica
   842 | Zot      | Killed Jessica
   842 | Zot      | Reached skill level 7 in Summonings
  1040 | Zot      | Reached skill level 1 in Air Magic
  1040 | Zot      | Reached XP level 7. HP: 37/37 MP: 23/25
  1117 | Zot      | Learned a level 4 spell: Summon Ice Beast
  1251 | Zot      | HP: 1/37 [Warrok the orc/flail (10)]
  1255 | Zot      | Slain by Warrok the orc

Action                   |  1- 3 |  4- 6 |  7- 9 || total
-------------------------+-------+-------+-------++-------
Melee: Unarmed           |       |       |     2 ||     2
 Cast: Summon Small Mamm |    11 |     2 |     4 ||    17
       Call Imp          |     6 |     4 |     3 ||    13
       Call Canine Famil |     1 |    10 |     3 ||    14
       Summon Lightning  |       |     5 |     3 ||     8
       Summon Guardian G |       |       |     2 ||     2
       Summon Ice Beast  |       |       |     1 ||     1
 Abil: Make oklob saplin |     1 |     4 |     4 ||     9
       Make arrow trap   |     2 |     1 |       ||     3
       Make plant        |       |     6 |       ||     6
       Make grenades     |       |     1 |       ||     1
  Use: Potion            |     1 |     1 |     1 ||     3
